 Dungeon Crawl Stone Soup version 0.27-a0-1301-g128193abf8 (webtiles) character file.

Game seed: 7857596910168985742

812 flotson the Sneak (level 7, -8/55 HPs)
             Began as a Demonspawn Delver on June 18, 2021.
             Mangled by an orc warrior (9 damage)
             ... on level 5 of the Dungeon.
             The game lasted 00:11:52 (7373 turns).

flotson the Sneak (Demonspawn Delver)               Turns: 7373, Time: 00:11:53

Health: -8/55      AC:  9    Str: 14    XL:     7   Next: 61%
Magic:  7/7        EV: 11    Int: 11    God:
Gold:   137        SH:  8    Dex: 19    Spells: 6/6 levels left

rFire    . . .     SeeInvis .   a - +0 hand axe
rCold    . . .     Faith    .   r - +0 kite shield
rNeg     . . .     Spirit   .   h - +2 leather armour {rPois}
rPois    +         Reflect  .   (no helmet)
rElec    .         Harm     .   (no cloak)
rCorr    +         Rampage  .   (no gloves)
Will     .....                  (no boots)
Stlth    +++++.....             (no amulet)
HPRegen  0.18/turn              t - +4 ring of protection
MPRegen  0.10/turn              f - ring of resist corrosion

@: no status effects
A: thin skeletal structure 2, demonic magic 1
a: no special abilities


You were on level 5 of the Dungeon.
You visited 1 branch of the dungeon, and saw 5 of its levels.

You collected 137 gold pieces.

Inventory:

Hand Weapons
 a - a +0 hand axe (weapon)
Missiles
 m - 47 poisoned darts (quivered)
Armour
 h - a +2 leather armour of poison resistance (worn)
 r - a +0 kite shield (worn)
Jewellery
 f - a ring of resist corrosion (right hand)
 k - a ring of protection from cold
 t - a +4 ring of protection (left hand)
Wands
 g - a wand of digging (8)
 o - a wand of acid (4)
Scrolls
 b - 3 scrolls of teleportation {unknown}
 c - a scroll of fog
 d - a scroll of magic mapping
 i - 4 scrolls of identify {unknown}
 l - a scroll of enchant weapon {unknown}
 n - a scroll of enchant armour {unknown}
 p - 2 scrolls of acquirement {unknown}
 q - a scroll of amnesia {unknown}
 s - a scroll of noise {unknown}
Potions
 e - a potion of ambrosia {unknown}
 j - a potion of lignification {unknown}
 u - a potion of curing


   Skills:
 + Level 4.4 Fighting
 + Level 3.5 Axes
 + Level 2.4 Throwing
 + Level 2.8 Armour
 + Level 3.6 Dodging
 - Level 4.5 Stealth
 + Level 2.1 Shields
 + Level 2.6 Evocations


You had 6 spell levels left.
You didn't know any spells.
Your spell library contained the following spells:

 Spells                   Type           Power      Damage    Failure   Level
 Animate Skeleton         Necr           0%         N/A       93%         1
 Pain                     Necr           0%         1d4       93%         1
 Gell's Gravitas          Tloc           0%         N/A       100%        3
 Lesser Beckoning         Tloc           0%         N/A       100%        3
 Vampiric Draining        Necr           0%         2d6       100%        3
 Animate Dead             Necr           0%         N/A       100%        4
 Iskenderun's Mystic Bla  Conj/Tloc      0%         2d3       100%        4
 Summon Lightning Spire   Summ/Air       0%         N/A       100%        4
 Agony                    Necr           0%         N/A       100%        5


Dungeon Overview and Level Annotations

Branches:
Dungeon (5/15)
 Temple: D:4-7

Altars:

Shops:
D:3 *


Innate Abilities, Weirdness & Mutations

You have a moderately thin skeletal structure. (Dex +4, Stealth++)
Spells you cast may paralyse adjacent enemies.


Message History

The orc warrior barely misses you.
You barely miss the orc warrior.
The orc warrior is moderately wounded.
The orc warrior hits you with a +0 trident!
You block the orc warrior's attack.
You barely miss the orc warrior.
The orc warrior is moderately wounded.
The orc warrior hits you with a +0 trident!
You hit the orc warrior but do no damage.
The orc warrior is moderately wounded.
You block the orc warrior's attack.
You closely miss the orc warrior.
The orc warrior is heavily wounded.
The orc warrior hits you but does no damage.
You block the orc warrior's attack.
You completely miss the orc warrior.
The orc warrior is severely wounded.
You block the orc warrior's attack.
You hit the orc warrior but do no damage.
The orc warrior is severely wounded.
You block the orc warrior's attack.
The orc warrior hits you with a +0 trident.
You closely miss the orc warrior.
The orc warrior is severely wounded.
You block the orc warrior's attack.
You hit the orc warrior but do no damage.
The orc warrior is almost dead.
The orc warrior hits you with a +0 trident!
* * * LOW HITPOINT WARNING * * *
You closely miss the orc warrior.
The orc warrior is almost dead.
The orc warrior hits you with a +0 trident!
* * * LOW HITPOINT WARNING * * *
The orc warrior barely misses you.
Aiming: Corrosive Bolt
Press: ? - help, Shift-Dir - straight line, f/p - orc warrior
Aim: an orc warrior, wielding a +0 trident and wearing a +0 plate armour (almost dead, poisoned, 71% to hit)
The bolt of acid misses the orc warrior.
The orc warrior hits you with a +0 trident!
You die...

###.#######..###...# .
#.# #......#.# . #.#
#..###...... #.# #.##
.##.# #.#######.# # ...
#.........##≈#..# #.#
########....≈...# #.#
########.....≈...# #.#
#.((.(o@<....≈...###.###
#.######....#≈##.##.....
#)#######...#≈##.##..###
#....o..##..# #......#
#######.##### #####.##
#.# #.# #.# #.#
########o# #.#
#.o.o....# #.# #.#


You could see an orc warrior (poisoned).

Vanquished Creatures
  Grinder (D:3)
  An ice beast (D:5)
  Blork the orc (D:3)
  A howler monkey (D:5)
  2 hounds
  An orc priest (D:3)
  Ijyb (D:4)
  Natasha (thrice) (D:3)
  An orc wizard (D:5)
  A howler monkey zombie (D:5)
  6 adders
  4 gnolls (D:2)
  A howler monkey skeleton (D:4)
  5 dart slugs
  7 orcs
  4 ball pythons
  8 endoplasms
  5 giant cockroaches
  8 goblins
  5 hobgoblins
  8 quokkas
  5 bats
  5 frilled lizards
  3 kobolds
  2 rats
89 creatures vanquished.

Vanquished Creatures (others)
  3 plants (D:3)
3 creatures vanquished.

Grand Total: 92 creatures vanquished

Notes
Turn   | Place    | Note
-------+----------+-------------------------------------------
     0 | D:5      | flotson the Demonspawn Delver began the quest for the Orb.
     0 | D:5      | Reached XP level 1. HP: 18/18 MP: 1/1
    70 | D:5      | Noticed an orc priest
    70 | D:5      | Noticed an orc wizard
   114 | D:5      | Noticed an orc wizard
   529 | D:3      | Noticed an orc priest
   686 | D:3      | Gained mutation: You have a somewhat thin skeletal
                  | structure. (Dex +2, Stealth+) [demonic ancestry]
   686 | D:3      | Reached XP level 2. HP: 24/24 MP: 2/2
  1536 | D:1      | Reached skill level 1 in Armour
  1536 | D:1      | Reached XP level 3. HP: 29/29 MP: 3/3
  1589 | D:1      | Found a faded altar of an unknown god.
  2464 | D:2      | Reached XP level 4. HP: 35/35 MP: 4/4
  3607 | D:3      | Noticed Grinder
  3652 | D:3      | Reached skill level 1 in Evocations
  3891 | D:3      | Reached skill level 1 in Throwing
  3891 | D:3      | Reached XP level 5. HP: 17/42 MP: 5/5
  4076 | D:3      | Found Xanuof's Assorted Antiques.
  5219 | D:4      | Noticed Blork the orc
  5422 | D:4      | Identified the Volume of Calling and Displacement
  5483 | D:4      | Noticed Ijyb
  5485 | D:4      | Noticed Natasha
  5514 | D:3      | Killed Natasha
  5515 | D:3      | Reached skill level 1 in Shields
  5758 | D:3      | Killed Blork the orc
  5759 | D:3      | Gained mutation: Spells you cast may paralyse adjacent
                  | enemies. [demonic ancestry]
  5759 | D:3      | Reached XP level 6. HP: 48/48 MP: 6/6
  5859 | D:3      | Noticed Natasha
  5869 | D:3      | Killed Natasha
  5925 | D:3      | Paralysed by Grinder for 3 turns
  5932 | D:3      | Killed Grinder
  5933 | D:3      | Gained mutation: You have a moderately thin skeletal
                  | structure. (Dex +4, Stealth++) [demonic ancestry]
  5933 | D:3      | Reached XP level 7. HP: 47/54 MP: 7/7
  6174 | D:3      | Found Xanuof's Assorted Antiques.
  6229 | D:3      | Noticed Natasha
  6240 | D:3      | Killed Natasha
  6366 | D:4      | Killed Ijyb
  7010 | D:5      | Noticed a wyvern
  7372 | D:5      | HP: 1/55 [orc warrior (12)]
  7373 | D:5      | Mangled by an orc warrior

Illustrated notes

Levels and vault maps discovered:
D:1:      psy_arrival_statuary, layout_rooms, chequers_ecumenical_altar_twisty
D:2:      layout_loops_cross, ebering_dispersal_statue_hall, minmay_tetromino_o2
D:3:      layout_rooms, serial_shops, nicolae_shop_overgrown_old_shop,
          uniq_grinder
D:4:      layout_rooms, uniq_blork_the_orc, uniq_natasha, uniq_ijyb
D:5:      layout_loops_ring, palyth_stone_intersect,
          chequers_serial_rivers_micro_a

Skill      XL: |  1  2  3  4  5  6  7 |
---------------+----------------------+-----
Axes           | 2 3 |  3.5
Dodging        | 2 3 |  3.6
Armour         | 1 2 |  2.8
Evocations     | 1 2 |  2.6
Throwing       | 1 2 |  2.4
Shields        | 1 2 |  2.1
Fighting       | 4 |  4.4
Stealth        | |  4.5

Action                   |  1- 3 |  4- 6 |  7- 9 || total
-------------------------+-------+-------+-------++-------
Melee: Hand axe          |   141 |   148 |   100 ||   389
Throw: Dart              |    13 |    49 |     3 ||    65
Evoke: Wand              |       |     7 |     2 ||     9
  Use: Potion            |       |     8 |       ||     8
       Scroll            |       |     1 |       ||     1
 Stab: Sleeping          |    10 |     7 |     5 ||    22
       Invisible         |       |     1 |       ||     1
Armor: Leather armour    |     6 |     2 |    29 ||    37
       Ring mail         |    36 |    63 |       ||    99
       Scale mail        |       |     6 |       ||     6
Dodge: Dodged            |    75 |    67 |    54 ||   196
Block: Kite shield       |       |    62 |    43 ||   105

Table legend: (Time is in decaauts)
 A = Elapsed time spent in this place.
 B = Non-inter-level travel time spent in this place.
 C = Inter-level travel time spent in this place.
 D = Time resting spent in this place.
 E = Time spent auto-exploring this place.
 F = Levels seen in this place.
 G = Mean time per level.
                   A        B        C        D        E       F      G
               +--------+--------+--------+--------+--------+-----+--------+
         Total |   7504 |   7299 |    205 |   1058 |   4802 |   5 | 1500.8 |
       Dungeon |   7504 |   7299 |    205 |   1058 |   4802 |   5 | 1500.8 |
               +--------+--------+--------+--------+--------+-----+--------+

Top non-repeatable levels by time:
     D:2: 2857 daAuts
     D:3: 2151 daAuts
     D:4: 1225 daAuts
     D:1: 711 daAuts
     D:5: 559 daAuts
